 Dungeon Crawl Stone Soup version 0.32-a0-981-g384da2ce10 (webtiles) character file.

Game seed: 16282023414507377034

142 Aldia the Changeling (level 5, -5/41 HPs)
             Began as a Draconian Shapeshifter on Apr 20, 2024.
             Was an Initiate of Qazlal.
             Slain by a goblin
             ... wielding a +0 club
             ... led by Robin
              (6 damage)
             ... on level 4 of the Dungeon on Apr 21, 2024.
             The game lasted 00:06:21 (2288 turns).

Aldia the Changeling (Draconian Shapeshifter)       Turns: 2288, Time: 00:06:22

Health: -5/41      AC:  5    Str: 16    XL:     5   Next: 4%
Magic:  5/5        EV: 11    Int: 10    God:    Qazlal [......]
Gold:   155        SH:  0    Dex: 13    Spells: 4/4 levels left

rFire   . .          .
                       - Unarmed
rCold   . . .        (no shield)
rNeg    . . .        (body armour unavailable)
rPois   .            (helmet currently unavailable)
rElec   .            (cloak currently unavailable)
rCorr   .            (gloves currently unavailable)
SInv    .            (boots currently unavailable)
Will    +....        (no amulet)
Stlth   +            a - +4 ring of slaying
HPRegen 0.26/turn    f - ring of willpower
MPRegen 0.09/turn

%: no passive effects
@: beast-form
A: beast (slay +2), AC +5, unfitting armour, cold-blooded
a: Begin Untransformation, Renounce Religion


You were on level 4 of the Dungeon.
You worshipped Qazlal.
Qazlal was noncommittal.
You were a hulking beast.
You visited 2 branches of the dungeon, and saw 5 of its levels.

You collected 155 gold pieces.

Inventory:

Jewellery
 a - a +4 ring of slaying (left hand)
 f - a ring of willpower (right hand)
 o - a ring of ice
Talismans
 b - a beast talisman (active)
 c - a flux talisman
 p - a maw talisman
Scrolls
 d - a scroll of fog {unknown}
 h - a scroll of poison {unknown}
 j - a scroll of identify {unknown}
 k - a scroll of teleportation {unknown}
 m - a scroll of summoning {unknown}
 n - a scroll of noise {unknown}
 q - a scroll of enchant armour {unknown}
Potions
 e - 2 potions of curing {unknown}
 g - a potion of cancellation {unknown}
 i - 4 potions of might {unknown}
 l - a potion of lignification


   Skills:
 - Level 2.0 Fighting
 - Level 2.0 Dodging
 - Level 4.0 Unarmed Combat
 * Level 4.5 Shapeshifting


You had 4 spell levels left.
You didn't know any spells.
Your spell library contained the following spells:

 Spells                   Type           Power      Damage    Failure   Level
 Fugue of the Fallen      Necr           0%         N/A       75%         3
 Ozocubu's Armour         Ice            0%         N/A       75%         3
 Manifold Assault         Tloc           0%         N/A       100%        7


Dungeon Overview and Level Annotations

Branches:
Dungeon (4/15)             Temple (1/1) D:4

Altars:
Cheibriados
Dithmenos
Fedhas
Hepliaklqana
Kikubaaqudgha
Makhleb
Qazlal
Sif Muna
Trog
Uskayaw
Xom
Yredelemnul
Zin


Innate Abilities, Weirdness & Mutations

You are a hulking beast.
Your limbs bulge with bestial killing power. (Slay +2)
Your plain brown scales are hard. (AC +5)
You cannot fit into any form of body armour.
You are cold-blooded and may be slowed by cold attacks.


Message History

You kill the goblin!
Qazlal accepts your kill. Robin closely misses you.
The goblin hits you but does no damage. The hobgoblin barely misses you.
Robin closely misses you. The hobgoblin barely misses you.
The goblin closely misses you. The hobgoblin hits you.
You see here a +0 club.
You punch the hobgoblin!
You kill the hobgoblin!
Qazlal accepts your kill. The hobgoblin barely misses you.
The goblin hits you with a +0 club. Robin hits you but does no damage.
The hobgoblin closely misses you. Robin barely misses you.
You barely miss Robin. The goblin misses you. The hobgoblin hits you.
* * * LOW HITPOINT WARNING * * *
Robin hits you but does no damage.
You hit Robin.
Robin is moderately wounded.
The goblin hits you but does no damage.
The hobgoblin hits you but does no damage.
Robin says, "Kneel, worm!"
Robin closely misses you.
You closely miss Robin.
Robin is moderately wounded.
The goblin hits you with a +0 club.
* * * LOW HITPOINT WARNING * * *
The hobgoblin hits you.
* * * LOW HITPOINT WARNING * * *
Robin misses you.
You hit Robin.
Robin is severely wounded.
The goblin barely misses you.
You hit Robin.
Robin is almost dead.
Robin barely misses you. The hobgoblin closely misses you.
You punch Robin!
You kill Robin!
Qazlal accepts your kill. The goblin hits you with a +0 club.
You die...

.. ........ .. ..... . .
#...#.###. . #######
#...#.....
#####.....#####.........
#...#.....#...#...#.....
..ß....>....ß.))........
#...#.....#...#.g#####
#####.....#####gh#
....####### #.)# .......
#..# ....... #...
#.##### ....# ....
.....+ #.### .....# #.#
......# # .


You could see a hobgoblin (strong) and a goblin (strong).

Vanquished Creatures
  A sleepcap (D:4)
  Robin (D:4)
  4 adders
  4 dart slugs
  A ribbon worm (D:3)
  9 ball pythons
  3 bats
  6 endoplasms
  12 goblins
  9 hobgoblins
  2 jackals (D:1)
  6 kobolds
  A quokka (D:1)
  3 frilled lizards
  6 rats
68 creatures vanquished.

Notes
Turn   | Place    | Note
-------+----------+-------------------------------------------
     0 | D:1      | Aldia the Draconian Shapeshifter began the quest for the
                  | Orb.
     0 | D:1      | Reached XP level 1. HP: 16/16 MP: 1/1
   149 | D:1      | Found a faded altar of an unknown god.
   167 | D:1      | Reached XP level 2. HP: 4/23 MP: 2/2
   605 | D:1      | Reached XP level 3. HP: 29/29 MP: 3/3
  1093 | D:2      | Reached XP level 4. HP: 35/36 MP: 4/4
  1147 | D:2      | Found a basalt altar of Yredelemnul.
  2209 | D:4      | Found a staircase to the Ecumenical Temple.
  2219 | Temple   | Entered the Ecumenical Temple
  2249 | Temple   | Became a worshipper of Qazlal Stormbringer
  2265 | D:4      | Noticed Robin
  2276 | D:4      | Reached XP level 5. HP: 24/41 MP: 5/5
  2285 | D:4      | HP: 1/41 [hobgoblin[Robin] (5)]
  2288 | D:4      | Killed Robin
  2288 | D:4      | Slain by a goblin

Illustrated notes

Levels and vault maps discovered:
D:1:      minmay_arrival_stone_box, layout_loops_corners,
          ebering_ecumenical_altar_ruins, minmay_tiny_reverse_x
D:2:      layout_basic, basic_altar, nicolae_twisty_statue_hallways
D:3:      layout_loops_ring
D:4:      layout_basic, minitemple, minmay_temple_entry_antechambers,
          minmay_misc_feat_iff, uniq_robin
Temple:   cyrus_circular_temple

Skill      XL: |  1  2  3  4 |
---------------+-------------+-----
Dodging        | 2 |  2.0
Fighting       | 2 |  2.0
Shapeshifting  | 4 |  4.5
Unarmed Combat | 4 |  4.0

Action                     |  1- 3 |  4- 6 || total
---------------------------+-------+-------++-------
  Melee: Unarmed           |    91 |    57 ||   148
         Tailslap          |     8 |     7 ||    15
         Punch             |     2 |     1 ||     3
    Use: Potion            |     1 |       ||     1
   Stab: Sleeping          |     2 |     2 ||     4
 Armour: Skin              |    72 |    55 ||   127
  Dodge: Dodged            |    30 |    40 ||    70

Table legend: (Time is in decaauts)
 A = Elapsed time spent in this place.
 B = Non-inter-level travel time spent in this place.
 C = Inter-level travel time spent in this place.
 D = Time resting spent in this place.
 E = Time spent auto-exploring this place.
 F = Levels seen in this place.
 G = Mean time per level.
                   A        B        C        D        E       F      G
               +--------+--------+--------+--------+--------+-----+--------+
         Total |   2277 |   2198 |     79 |      0 |   1770 |   5 |  455.4 |
       Dungeon |   2238 |   2173 |     65 |      0 |   1770 |   4 |  559.5 |
        Temple |     38 |     24 |     14 |      0 |      0 |   1 |   38.0 |
               +--------+--------+--------+--------+--------+-----+--------+

Top non-repeatable levels by time:
     D:1: 870 daAuts
     D:3: 703 daAuts
     D:2: 586 daAuts
     D:4: 77 daAuts
  Temple: 38 daAuts
